 Dungeon Crawl Stone Soup version 0.31-a0-210-gccc998df9b (webtiles) character file.

Game seed: 7042247434294509044

165 Dittersdorf the Trooper (level 5, -3/33 HPs)
             Began as a Gargoyle Fighter on June 29, 2023.
             Was an Initiate of Okawaru.
             Killed from afar by an orc wizard (6 damage)
             ... with a puff of flame
             ... on level 3 of the Dungeon.
             The game lasted 00:01:50 (2009 turns).

Dittersdorf the Trooper (Gargoyle Fighter)          Turns: 2009, Time: 00:01:50

Health: -3/33      AC: 13    Str: 21    XL:     5   Next: 46%
Magic:  5/5        EV:  8    Int:  9    God:    Okawaru [......]
Gold:   191        SH:  4    Dex:  9    Spells: 4/4 levels left

rFire   . . .        a - +0 flail
rCold   . . .        c - +0 buckler
rNeg    + . .        k - +0 chain mail
rPois   ∞            (no helmet)
rElec   +            (no cloak)
rCorr   .            (no gloves)
SInv    .            (no boots)
Will    .....        r - amulet of magic regeneration Stlth
                     (no ring)
HPRegen 0.25/turn    (no ring)
MPRegen 0.49/turn

%: no passive effects
@: no status effects
A: sickness immunity, AC +4, negative energy resistance 1, electricity
resistance, torment resistance 1, petrification resistance
a: Renounce Religion


You were on level 3 of the Dungeon.
You worshipped Okawaru.
Okawaru was noncommittal.
You visited 1 branch of the dungeon, and saw 3 of its levels.

You collected 191 gold pieces.

Inventory:

Hand Weapons
 a - a +0 flail (weapon)
Missiles
 g - 2 poisoned darts
Armour
 c - a +0 buckler (worn)
 h - a +0 plate armour
 k - a +0 chain mail (worn)
Jewellery
 r - an amulet of magic regeneration (around neck)
Scrolls
 b - 2 scrolls of revelation {unknown}
 e - a scroll of teleportation {unknown}
 f - a scroll of brand weapon {unknown}
 i - a scroll of blinking {unknown}
 l - 2 scrolls of immolation {unknown}
 m - a scroll of fog {unknown}
 q - a scroll of noise {unknown}
 s - a scroll of summoning {unknown}
Potions
 d - a potion of might
 j - a potion of resistance {unknown}
 n - a potion of lignification {unknown}
 o - a potion of haste {unknown}
 p - 2 potions of heal wounds {unknown}
 t - 3 potions of curing {unknown}


   Skills:
 + Level 4.3 Fighting
 + Level 3.2 Maces & Flails
 + Level 4.3 Armour
 + Level 4.3 Shields


You had 4 spell levels left.
You didn't know any spells.
Your spell library contained the following spells:

 Spells                   Type           Power      Damage    Failure   Level
 Slow                     Hex            0%         N/A       98%         1
 Wereblood                Tmut           0%         N/A       99%         2
 Confusing Touch          Hex            0%         N/A       100%        3
 Vampiric Draining        Necr           0%         2d6       100%        3
 Passage of Golubria      Tloc           0%         N/A       100%        4
 Silence                  Hex/Air        0%         N/A       100%        5
 Lehudib's Crystal Spear  Conj/Erth      0%         10d2      100%        8
 Sublimation of Blood     Necr           Unusable   N/A       N/A         2
 Summon Hydra             Summ           Unusable   N/A       N/A         7

Dungeon Overview and Level Annotations

Branches:
Dungeon (3/15)

Altars:
Gozag
Okawaru


Innate Abilities, Weirdness & Mutations

You are immune to sickness and miasma.
Your stone body is resilient. (AC +4)
You are immune to poison.
You resist negative energy. (rN+)
You are resistant to electric shocks. (rElec)
You are resistant to unholy torment.
You are immune to petrification.


Message History

* * * LOW HITPOINT WARNING * * *
You hit the orc priest.
The orc priest is heavily wounded.
The orc priest barely misses you. Something hits you but does no damage.
You hit the orc priest.
The orc priest is heavily wounded.
The orc priest completely misses you. Something hits you but does no damage.
Something completely misses you.
The orc priest miscasts a cantrip.
You hit the orc priest but do no damage.
The orc priest is heavily wounded.
The orc priest hits you but does no damage.
Something hits you but does no damage.
You completely miss the orc priest.
The orc priest is heavily wounded.
The orc priest looks encouraged for a moment.
Something hits you but does no damage.
You thump the orc priest!
You kill the orc priest!
Okawaru accepts your kill.
Something hits you but does no damage. x2
You hear some strange, mumbled words.
A puff of flame appears from out of thin air!
The puff of flame hits you but does no damage.
Things that are here:
a +0 hand axe; a +0 leather armour; an orc corpse Something hits you but does no damage.
You block something's attack.
You hear some strange, mumbled words.
Something tries to affect you, but you resist.
Something hits you.
* * * LOW HITPOINT WARNING * * *
You closely miss something. Something hits you but does no damage.
You sock something! Something hits you.
* * * LOW HITPOINT WARNING * * *
You miss something.
You hear some strange, mumbled words.
A puff of flame appears from out of thin air!
The puff of flame hits you.
You die...

..##...................##
#.##............#.######
#.####.########...#####
#.####.#######........#
..#...............(...+
..#.........##........#
..#.........##.)......#
..#..........###{######
..#.....>..#.# #@#
..#........#.# #.#
.##........#.# #.#
############.# #.# #.#
#.# ..# #.# ### #.# ..#
#.# ... ...


There were no monsters in sight!

Vanquished Creatures
  A phantom (D:3)
  An orc priest (D:3)
  2 adders
  A worm (D:3)
  3 bats (D:2)
  5 endoplasms
  3 giant cockroaches
  3 goblins
  4 hobgoblins
  2 jackals (D:2)
  2 quokkas (D:2)
  2 ball pythons
  5 frilled lizards
  7 kobolds
  5 rats
46 creatures vanquished.

Notes
Turn   | Place    | Note
-------+----------+-------------------------------------------
     0 | D:1      | Dittersdorf the Gargoyle Fighter began the quest for the
                  | Orb.
     0 | D:1      | Reached XP level 1. HP: 14/14 MP: 1/1
   525 | D:1      | Reached XP level 2. HP: 19/19 MP: 2/2
   610 | D:1      | Found a faded altar of an unknown god.
   921 | D:2      | Reached XP level 3. HP: 23/23 MP: 3/3
  1474 | D:3      | Reached XP level 4. HP: 29/29 MP: 4/4
  1547 | D:3      | Noticed a phantom
  1567 | D:3      | Killed a phantom
  1568 | D:3      | Reached XP level 5. HP: 26/33 MP: 5/5
  1643 | D:3      | Identified the amulet of Tyosk {RegenMP Contam Will- Str+9}
  1844 | D:3      | Found an opulent altar of Gozag.
  1914 | D:3      | Found an iron altar of Okawaru.
  1918 | D:3      | Became a worshipper of Warmaster Okawaru
  2009 | D:3      | Killed from afar by an orc wizard

Illustrated notes

Levels and vault maps discovered:
D:1:      dpeg_arrival_more_subterranean_lakeside_camping, layout_basic,
          dreamdust_ecumenical_altar_hidden_monk_grotto, minmay_crystal_room,
          chequers_jeans
D:2:      layout_loops_ring
D:3:      layout_basic, mainiacjoe_overflow_big_doors

Skill      XL: |  1  2  3  4 |
---------------+-------------+-----
Fighting       | 4 |  4.3
Maces & Flails | 3 |  3.2
Armour         | 4 |  4.3
Shields        | 4 |  4.3

Action                     |  1- 3 |  4- 6 || total
---------------------------+-------+-------++-------
  Melee: Flail             |   105 |    52 ||   157
 Armour: Scale mail        |     2 |       ||     2
         Chain mail        |    53 |    36 ||    89
  Dodge: Dodged            |    48 |    15 ||    63
  Block: Buckler           |    25 |    12 ||    37

Table legend: (Time is in decaauts)
 A = Elapsed time spent in this place.
 B = Non-inter-level travel time spent in this place.
 C = Inter-level travel time spent in this place.
 D = Time resting spent in this place.
 E = Time spent auto-exploring this place.
 F = Levels seen in this place.
 G = Mean time per level.
                   A        B        C        D        E       F      G
               +--------+--------+--------+--------+--------+-----+--------+
         Total |   2056 |   1970 |     86 |     56 |   1501 |   3 |  685.3 |
       Dungeon |   2056 |   1970 |     86 |     56 |   1501 |   3 |  685.3 |
               +--------+--------+--------+--------+--------+-----+--------+

Top non-repeatable levels by time:
     D:1: 707 daAuts
     D:2: 687 daAuts
     D:3: 661 daAuts
